 Dungeon Crawl Stone Soup version 0.29.1-12-g30fa7ad0bf (webtiles) character file.

Game seed: 8423334707946889868

56 Peloso the Covered (level 3, -5/33 HPs)
             Began as a Minotaur Fighter on Dec 22, 2022.
             Killed by nerve-wracking pain
             ... invoked by Grinder
              (9 damage)
             ... on level 3 of the Dungeon.
             The game lasted 00:03:44 (2108 turns).

Peloso the Covered (Minotaur Fighter)               Turns: 2108, Time: 00:03:45

Health: -5/33      AC: 11    Str: 20    XL:     3   Next: 69%
Magic:  2/2        EV:  7    Int:  5    God:
Gold:   134        SH:  4    Dex: 11    Spells: 2/2 levels left

rFire   . . .      SeeInvis .   a - +1 long sword
rCold   . . .      Faith    .   d - +0 buckler
rNeg    . . .      Spirit   .   c - +1 chain mail
rPois   .          Reflect  .   (helmet restricted)
rElec   .          Harm     .   e - +0 cloak
rCorr   .          Rampage  .   (no gloves)
Will    .....                   (no boots)
Stlth   ..........              (no amulet)
HPRegen 0.11/turn               (no ring)
MPRegen 0.08/turn               (no ring)

@: mighty
A: horns 2, retaliatory headbutt
a: no special abilities


You were on level 3 of the Dungeon.
You visited 1 branch of the dungeon, and saw 3 of its levels.

You collected 134 gold pieces.

Inventory:

Hand Weapons
 a - a +1 long sword (weapon)
Armour
 c - a +1 chain mail (worn)
 d - a +0 buckler (worn)
 e - a +0 cloak (worn)
Magical Staves
 b - a staff of fire
Scrolls
 f - a scroll of fog
Potions
 g - a potion of resistance
 i - 2 potions of might
 j - a potion of heal wounds {unknown}
 m - a potion of magic {unknown}


   Skills:
 + Level 4.1 Fighting
 + Level 3.3 Long Blades
 + Level 4.2 Armour
 + Level 0.2 Dodging
 + Level 4.2 Shields


You had 2 spell levels left.
You didn't know any spells.
Your spell library contained the following spells:

 Spells                   Type           Power      Damage    Failure   Level
 Apportation              Tloc           0%         N/A       100%        1
 Alistair's Intoxication  Tmut/Pois      0%         N/A       100%        5


Dungeon Overview and Level Annotations

Branches:
Dungeon (3/15)

Altars:

Annotations:
D:3 Grinder


Innate Abilities, Weirdness & Mutations

You have a pair of horns on your head.
You reflexively headbutt those who attack you in melee.


Message History

The orc hits you but does no damage.
You slash the endoplasm!
You kill the endoplasm!
The ball python bites you but does no damage.
The ball python constricts you.
The frilled lizard hisses.
The frilled lizard barely misses you. The orc barely misses you.
The ball python barely misses you. The ball python constricts you.
You hit the orc.
The orc is severely wounded.
The frilled lizard barely misses you. The orc hits you but does no damage.
The ball python bites you but does no damage.
The ball python constricts you.
Unknown command.
You slash the orc!
You kill the orc!
The ball python bites you but does no damage.
The ball python constricts you.
The frilled lizard bites you but does no damage.
The frilled lizard barely misses you.
The ball python bites you but does no damage.
The ball python constricts you. Grinder gestures at you.
You resist with significant effort.
You closely miss the frilled lizard. You block the ball python's attack.
The ball python constricts you. The frilled lizard bites you.
You barely miss the frilled lizard. The ball python bites you.
* * * LOW HITPOINT WARNING * * *
The ball python constricts you. The frilled lizard bites you.
* * * LOW HITPOINT WARNING * * *
Grinder blinks!
The ball python bites you but does no damage.
The ball python constricts you.
* * * LOW HITPOINT WARNING * * *
You slash the ball python!
You kill the ball python!
The frilled lizard barely misses you. Grinder gestures at you.
Pain shoots through your body!
You die...

#.##.#.###..############.#
#+ #........)).....#
#..############## #..#
#..# . #..# ... #..#
.....###..## .....§.@...#
.....#†)l..# ..5 #.....# #
......... #####.###..# #.#
#..# ..# ... ... ..


You could see Grinder and a frilled lizard.

Vanquished Creatures
  3 dart slugs (D:1)
  4 orcs (D:3)
  5 endoplasms
  A giant cockroach (D:1)
  3 hobgoblins
  7 kobolds
  3 quokkas
  6 ball pythons
  5 bats (D:1)
  3 frilled lizards
  6 rats
46 creatures vanquished.

Vanquished Creatures (others)
  3 fungi (D:3)
3 creatures vanquished.

Grand Total: 49 creatures vanquished

Notes
Turn   | Place    | Note
-------+----------+-------------------------------------------
     0 | D:1      | Peloso the Minotaur Fighter began the quest for the Orb.
     0 | D:1      | Reached XP level 1. HP: 19/19 MP: 0/0
     0 | D:1      | Noticed a large abomination
     1 | D:1      | Noticed a green draconian
     3 | D:1      | Noticed an iron dragon
     3 | D:1      | Noticed a tentacled monstrosity
     5 | D:1      | Noticed a shadow dragon
     6 | D:1      | Noticed an iron dragon
     7 | D:1      | Noticed an orb of fire
     8 | D:1      | Noticed an orb of fire
     9 | D:1      | Noticed a large abomination
    11 | D:1      | Noticed a large abomination
    11 | D:1      | Noticed an iron dragon
    15 | D:1      | Noticed a large abomination
    15 | D:1      | Noticed a tentacled monstrosity
    15 | D:1      | Noticed a green draconian
    17 | D:1      | Noticed a large abomination
    19 | D:1      | Noticed a green draconian
    21 | D:1      | Noticed an iron dragon
   133 | D:1      | Reached XP level 2. HP: 25/27 MP: 1/1
   591 | D:1      | Reached XP level 3. HP: 33/33 MP: 2/2
  1437 | D:2      | Found a faded altar of an unknown god.
  2090 | D:3      | Noticed Grinder
  2097 | D:3      | Paralysed by Grinder for 5 turns
  2108 | D:3      | Killed from afar by Grinder

Illustrated notes

Levels and vault maps discovered:
D:1:      shiori_arrival_whats_in_store_for_you, layout_basic
D:2:      layout_basic, hellmonk_ecumenical_altar_lost_god
D:3:      layout_basic, mainiacjoe_overflow_boulevard, minmay_bisected,
          uniq_grinder, uniq_robin

Skill      XL: |  1  2  3 |
---------------+----------+-----
Fighting       | 4 |  4.1
Shields        | 4 |  4.2
Armour         | 4 |  4.2
Long Blades    | 3 |  3.3
Dodging        | |  0.2

Action                   || total
-------------------------++-------
Melee: Long sword        ||    94
       Headbutt          ||     4
  Use: Scroll            ||     7
       Potion            ||     6
Armor: Scale mail        ||    27
       Chain mail        ||    39
Dodge: Dodged            ||    48
Block: Buckler           ||    23
